 Dungeon Crawl Stone Soup version 0.27.1-33-g824d729ab1 (webtiles) character file.

Game seed: 1609302967927739095

1199 boopmooplesden the Slasher (level 8, -3/70 HPs)
             Began as a Minotaur Fighter on Dec 16, 2021.
             Was an Initiate of Okawaru.
             Slain by an ogre (6 damage)
             ... on level 5 of the Dungeon.
             The game lasted 00:05:22 (4738 turns).

boopmooplesden the Slasher (Minotaur Fighter)       Turns: 4738, Time: 00:05:23

Health: -3/70      AC: 12    Str: 20    XL:     8   Next: 20%
Magic:  7/7        EV:  6    Int:  5    God:    Okawaru [......]
Gold:   148        SH: 11    Dex: 13    Spells: 7/7 levels left

rFire    . . .     SeeInvis .   a - +0 long sword
rCold    . . .     Faith    .   c - +1 kite shield
rNeg     . . .     Spirit   .   r - +0 chain mail
rPois    .         Reflect  .   (helmet restricted)
rElec    .         Harm     .   p - +1 cloak
rCorr    .         Rampage  .   (no gloves)
Will     .....                  (no boots)
Stlth    ..........             (no amulet)
HPRegen  0.21/turn              (no ring)
MPRegen  0.10/turn              (no ring)

@: hasted, very quick
A: horns 2, retaliatory headbutt
a: Renounce Religion


You were on level 5 of the Dungeon.
You worshipped Okawaru.
Okawaru was noncommittal.
You visited 2 branches of the dungeon, and saw 6 of its levels.

You collected 148 gold pieces.

Inventory:

Hand Weapons
 a - a +0 long sword (weapon)
 q - a +4 quarterstaff of chaos
Armour
 b - a +0 scale mail
 c - a +1 kite shield (worn)
 p - a +1 cloak (worn)
 r - a +0 chain mail (worn)
Jewellery
 h - a +6 ring of intelligence
 l - an amulet of guardian spirit
Wands
 d - a wand of paralysis (5)
 n - a wand of acid (10)
 o - a wand of polymorph (10)
Potions
 g - a potion of brilliance {unknown}
 i - 2 potions of lignification {unknown}
 j - 2 potions of heal wounds {unknown}
 k - a potion of haste
 m - 2 potions of mutation {unknown}
 s - a potion of flight {unknown}


   Skills:
 + Level 5.9 Fighting
 + Level 7.4 Long Blades
 + Level 6.6 Armour
 + Level 2.2 Dodging
 + Level 0.8 Stealth
 + Level 6.1 Shields
 + Level 0.5 Unarmed Combat


You had 7 spell levels left.
You didn't know any spells.
Your spell library contained the following spells:

 Spells                   Type           Power      Damage    Failure   Level
 Summon Guardian Golem    Hex/Summ       0%         N/A       100%        3
 Orb of Destruction       Conj           0%         N/A       100%        7
 Spellforged Servitor     Conj/Summ      0%         N/A       100%        7


Dungeon Overview and Level Annotations

Branches:
Dungeon (5/15)             Temple (1/1) D:4

Altars:
Elyvilon
Fedhas
Hepliaklqana
Kikubaaqudgha
Nemelex Xobeh
Okawaru
Ru
Sif Muna
Vehumet
Wu Jian
Yredelemnul
Zin
The Shining One


Innate Abilities, Weirdness & Mutations

You have a pair of horns on your head.
You reflexively headbutt those who attack you in melee.


Message History

The jackal bites you. The jackal barely misses you.
As you read the scroll labelled COJUSK TEGAPH, it crumbles to dust.
It is a scroll of amnesia.
You feel forgetful for a moment. You block the jackal's attack.
You feel better. You block the jackal's attack. The jackal bites you.
You hit the jackal but do no damage. Your headbutt misses the jackal.
The jackal is lightly wounded.
You block the jackal's attack.
You slash the jackal!
You kill the jackal!
Okawaru accepts your kill. You block the adder's attack.
You slash the adder! Your headbutt misses the adder.
The adder is almost dead.
You block the adder's attack.
You hit the adder.
You kill the adder!
Okawaru accepts your kill.
You slash the iguana! You headbutt the iguana.
You kill the iguana!
Okawaru accepts your kill.
Your Shields skill increases to level 6!
You aren't carrying any scrolls.
It was a potion of haste.
You feel yourself speed up.
You completely miss the ogre. You block the ogre's attack.
Your shield prevents you from hitting the ogre.
You slash the ogre! You headbutt the ogre.
The ogre is heavily wounded.
The ogre hits you with a +0 giant club!!
* * * LOW HITPOINT WARNING * * *
You barely miss the ogre.
The ogre is heavily wounded.
The ogre hits you with a +0 giant club!
* * * LOW HITPOINT WARNING * * *
You completely miss the ogre.
The ogre is heavily wounded.
You slash the ogre!
The ogre is severely wounded.
The ogre hits you with a +0 giant club.
You die...

####
#####################...
........................
........................
........#############...
#######@# ...# #... .. #O#
....# #... #. #.# ....#
#... #. #.#.....# #####
.####.##.#.....# #....
.......#.#.....######....
...............+.........
.####..........##........
######......######........


You could see an ogre.

Vanquished Creatures
  2 water moccasins
  An ice beast (D:5)
  A sky beast (D:3)
  An ogre (D:4)
  2 phantoms (D:5)
  2 scorpions (D:4)
  2 hounds
  Crazy Yiuf (D:4)
  A centaur skeleton (D:4)
  Jessica (D:3)
  Ijyb (D:4)
  3 iguanas
  2 orc wizards
  7 adders
  A white imp (D:5)
  4 worms
  3 dart slugs
  9 orcs
  3 endoplasms
  5 giant cockroaches
  3 goblins
  7 hobgoblins
  4 jackals (D:5)
  7 kobolds
  6 quokkas
  6 ball pythons
  5 bats
  12 frilled lizards
  7 rats
109 creatures vanquished.

Vanquished Creatures (others)
  4 fungi (D:4)
  4 plants (D:4)
8 creatures vanquished.

Grand Total: 117 creatures vanquished

Notes
Turn   | Place    | Note
-------+----------+-------------------------------------------
     0 | D:1      | boopmooplesden the Minotaur Fighter began the quest for the
                  | Orb.
     0 | D:1      | Reached XP level 1. HP: 19/19 MP: 0/0
   234 | D:1      | Reached XP level 2. HP: 23/27 MP: 1/1
   891 | D:2      | Reached XP level 3. HP: 30/34 MP: 2/2
  1417 | D:2      | Reached skill level 3 in Long Blades
  1417 | D:2      | Reached XP level 4. HP: 41/41 MP: 3/3
  1746 | D:2      | Found a faded altar of an unknown god.
  1884 | D:3      | Noticed a sky beast
  1899 | D:3      | Killed a sky beast
  1900 | D:3      | Reached skill level 5 in Armour
  1900 | D:3      | Reached XP level 5. HP: 32/47 MP: 4/4
  2057 | D:3      | Reached skill level 4 in Long Blades
  2270 | D:3      | Noticed Jessica
  2276 | D:3      | Killed Jessica
  2277 | D:3      | Reached skill level 5 in Fighting
  2525 | D:3      | Noticed a water moccasin
  2528 | D:3      | Killed a water moccasin
  2529 | D:3      | Reached skill level 5 in Long Blades
  2529 | D:3      | Reached XP level 6. HP: 49/56 MP: 5/5
  2768 | D:4      | Reached skill level 1 in Dodging
  2872 | D:4      | Found a glowing golden altar of the Shining One.
  2875 | D:4      | Noticed Ijyb
  2885 | D:4      | Paralysed by Ijyb for 3 turns
  2892 | D:4      | Killed Ijyb
  2929 | D:4      | Found a shimmering blue altar of Sif Muna.
  2929 | D:4      | Found a hazy altar of Hepliaklqana.
  2930 | D:4      | Found a white marble altar of Elyvilon.
  2967 | D:4      | Found a staircase to the Ecumenical Temple.
  2981 | D:4      | Reached skill level 5 in Shields
  2981 | D:4      | Reached XP level 7. HP: 16/61 MP: 6/6
  2985 | Temple   | Entered the Ecumenical Temple
  3049 | Temple   | Became a worshipper of Warmaster Okawaru
  3478 | D:4      | Reached skill level 6 in Long Blades
  4109 | D:4      | Found a runed translucent door.
  4110 | D:4      | Noticed Crazy Yiuf
  4115 | D:4      | Killed Crazy Yiuf
  4279 | D:5      | Entered Level 5 of the Dungeon
  4343 | D:5      | Reached skill level 7 in Long Blades
  4343 | D:5      | Reached XP level 8. HP: 44/70 MP: 7/7
  4736 | D:5      | HP: 2/70 [ogre (13)]
  4738 | D:5      | Slain by an ogre

Illustrated notes

Levels and vault maps discovered:
D:1:      mrwooster_arrival_statue_3, layout_rooms, roderic_lattice_a,
          serial_park_tiny_2, chequers_serial_rivers_small_3,
          chequers_serial_rivers_micro_d
D:2:      layout_loops_ring, hellmonk_ecumenical_altar_inner_sanctum,
          serial_glass, glass_columns_a, glass_columns_a, glass_columns_a,
          glass_columns_b, glass_columns_b, glass_columns_a, glass_columns_a,
          glass_columns_a, glass_columns_a, glass_columns_c, glass_columns_b,
          glass_columns_a, glass_columns_c, glass_columns_a, minmay_quantized
D:3:      layout_basic, uniq_jessica
D:4:      layout_loops_corners, minitemple, minmay_temple_entry_sparse_star,
          minmay_lizard_king, uniq_crazy_yiuf_cottage, uniq_ijyb
D:5:      layout_basic, minmay_fractal_squares_diagonal_5
Temple:   compressed_dpeg_triangle_lava_temple

Skill      XL: |  1  2  3  4  5  6  7  8 |
---------------+-------------------------+-----
Fighting       | 4 5 |  5.9
Armour         | 4 5 6 |  6.6
Long Blades    | 3 5 7 |  7.4
Shields        | 4 5 6 |  6.1
Dodging        | 1 2 |  2.2
Stealth        | |  0.8
Unarmed Combat | |  0.5

Action                   |  1- 3 |  4- 6 |  7- 9 || total
-------------------------+-------+-------+-------++-------
Melee: Long sword        |    73 |   101 |   124 ||   298
       Headbutt          |    10 |    25 |    22 ||    57
       Unarmed           |       |     4 |       ||     4
  Use: Scroll            |       |     4 |     1 ||     5
       Potion            |       |     2 |     2 ||     4
Armor: Scale mail        |    42 |    37 |    22 ||   101
       Skin              |       |     1 |       ||     1
       Chain mail        |       |       |    17 ||    17
Dodge: Dodged            |    26 |    27 |    28 ||    81
Block: Kite shield       |    34 |    52 |    70 ||   156
       Rpst.: Long sword |     7 |     8 |     8 ||    23
